 Dungeon Crawl Stone Soup version 0.28.0-43-g3370ac3207 (webtiles) character file.

Game seed: 11814281505577914806

206 zeratav the Insei (level 5, -9/34 HPs)
             Began as an Octopode Transmuter on Apr 1, 2022.
             Was an Initiate of Ashenzari.
             Shot with an arrow by a centaur (12 damage)
             ... on level 4 of the Dungeon.
             The game lasted 00:12:47 (4437 turns).

zeratav the Insei (Octopode Transmuter)             Turns: 4437, Time: 00:12:47

Health: -9/34      AC:  1    Str:  9    XL:     5   Next: 84%
Magic:  9/9        EV: 13    Int: 17    God:    Ashenzari [......]
Gold:   143        SH:  0    Dex: 13    Spells: 5/9 levels left

rFire   . . .      SeeInvis .     - Unarmed
rCold   . . .      Faith    .   (no shield)
rNeg    . . .      Spirit   .   (helmet restricted)
rPois   .          Reflect  .   (no amulet)
rElec   .          Harm     .   (no ring)
rCorr   .          Rampage  .   (no ring)
Will    .....                   (no ring)
Stlth   ++........              (no ring)
HPRegen 0.11/turn               (no ring)
MPRegen 0.11/turn               (no ring)
                                (no ring)
                                (no ring)

@: no status effects
A: almost no armour, amphibious, 8 rings, camouflage 1, gelatinous body 1,
(nimble swimmer 1), tentacles
a: Renounce Religion, Curse Item


You were on level 4 of the Dungeon.
You worshipped Ashenzari.
Ashenzari was noncommittal.
You visited 1 branch of the dungeon, and saw 4 of its levels.

You collected 143 gold pieces.

Inventory:

Missiles
 d - 46 sling bullets
 e - 42 stones
Jewellery
 g - an amulet of the acrobat
Scrolls
 f - a scroll of identify
Potions
 a - a potion of ambrosia
 b - a potion of curing
 c - 2 potions of resistance {unknown}
 h - a potion of flight
 j - a potion of heal wounds {unknown}


   Skills:
 * Level 2.2 Fighting
 + Level 2.3 Dodging
 * Level 4.0 Unarmed Combat
 + Level 2.8 Spellcasting
 + Level 3.0 Transmutations
 * Level 0.4 Ice Magic
 * Level 2.6 Poison Magic


You had 5 spell levels left.
You knew the following spells:

 Your Spells              Type           Power      Damage    Failure   Level
a - Beastly Appendage     Tmut           24%        N/A       5%          1
b - Spider Form           Tmut/Pois      11%        N/A       17%         3

Your spell library contained the following spells:

 Spells                   Type           Power      Damage    Failure   Level
 Wereblood                Tmut           12%        N/A       8%          2
 Ice Form                 Ice/Tmut       8%         N/A       65%         4


Dungeon Overview and Level Annotations

Branches:
Dungeon (4/15)
 Temple: D:4-7

Altars:
Ashenzari
Trog


Innate Abilities, Weirdness & Mutations

You cannot wear most types of armour.
You are amphibious.
You can wear up to eight rings at the same time.
Your skin changes colour to match your surroundings (Stealth+).
Your rubbery body absorbs attacks. (AC +1, EV +1)
((You are camouflaged when in or above water. (Stealth+)))
You have tentacles for arms and can constrict up to eight enemies at once.


Message History

You hit the iguana.
You kill the iguana!
Your Unarmed Combat skill increases to level 4!
Your Transmutations skill increases to level 3!
You start resting.
Your transformation has ended.
You start resting.
Magic restored.
You start resting.
HP restored.
You now have 143 gold pieces (gained 5).
You open the door.
There is an open door here.
There is an open door here.
You open the door.
There is an open door here.
You open the large door.
There is a large open door here.
A centaur comes into view.
The centaur shouts!
The centaur wields a +0 shortbow.
The centaur shoots an arrow.
The arrow hits you!
There is a large open door, spattered with blood here.
The centaur shoots an arrow.
The arrow hits you!
The centaur shoots an arrow.
The arrow closely misses you.
You hear a shout!
There is a large open door, spattered with blood here.
There is a large open door here.
The centaur shoots an arrow.
The arrow barely misses you.
The centaur shoots an arrow.
The arrow hits you!
* * * LOW HITPOINT WARNING * * *
The centaur shoots an arrow.
The arrow barely misses you.
The centaur shoots an arrow.
The arrow barely misses you.
There is an open door here.
A goblin comes into view. It is wielding a +0 dagger.
The centaur shoots an arrow.
The arrow closely misses you.
As you read the scroll of fog, it crumbles to dust.
The scroll dissolves into smoke.
The centaur shoots an arrow.
The arrow hits you!
You die...

##...........#######..........#
#.............#...#..)........#
#...........#..................
#.............#................
#.....#'#..g..#................
#.....#'#.....#................
#..............................
#........#####§§§............##
######...#####@§..####.......##
#...c...§§§..'..+.......++
#########§...####.......##
#....# #.......## ######
#.......## ####### #


You could see a centaur and a goblin.

Vanquished Creatures
  Jessica (D:3)
  An iguana (D:4)
  A hound skeleton (D:4)
  7 adders
  2 worms (D:2)
  A dart slug (D:3)
  2 orcs (D:3)
  6 endoplasms
  2 giant cockroaches (D:1)
  3 goblins
  7 hobgoblins
  8 jackals (D:3)
  6 kobolds
  7 quokkas
  4 ball pythons
  5 bats
  3 frilled lizards
  2 rats
68 creatures vanquished.

Vanquished Creatures (others)
  28 plants (D:2)
28 creatures vanquished.

Grand Total: 96 creatures vanquished

Notes
Turn   | Place    | Note
-------+----------+-------------------------------------------
     0 | D:1      | zeratav the Octopode Transmuter began the quest for the
                  | Orb.
     0 | D:1      | Reached XP level 1. HP: 13/13 MP: 3/3
   631 | D:1      | Reached XP level 2. HP: 14/18 MP: 1/5
   702 | D:1      | Found a faded altar of an unknown god.
   792 | D:1      | Reached skill level 1 in Poison Magic
  1383 | D:2      | Reached XP level 3. HP: 23/23 MP: 4/6
  1671 | D:2      | Learned a level 3 spell: Spider Form
  2047 | D:2      | Found a bloodstained altar of Trog.
  2055 | D:2      | Reached XP level 4. HP: 29/29 MP: 7/7
  3310 | D:3      | Found a broken altar of Ashenzari.
  3335 | D:3      | Noticed Jessica
  3341 | D:3      | Killed Jessica
  3342 | D:3      | Reached XP level 5. HP: 29/34 MP: 5/8
  3446 | D:3      | Became a worshipper of Ashenzari the Shackled
  4173 | D:4      | Reached skill level 4 in Unarmed Combat
  4424 | D:4      | Noticed a centaur
  4437 | D:4      | Shot with an arrow by a centaur

Illustrated notes

Levels and vault maps discovered:
D:1:      erik_arrival_cave_to_civilisation [erik_arrival_cave_to_hall],
          layout_basic, hellmonk_ecumenical_altar_arch_garden
D:2:      layout_loops_cross, basic_altar, serial_bayou_lagoon_a
D:3:      layout_basic, lemuel_tele_altar, uniq_jessica
D:4:      layout_basic, minmay_between

Skill      XL: |  1  2  3  4  5 |
---------------+----------------+-----
Poison Magic   | 1 2 |  2.6
Fighting       | 2 |  2.2
Unarmed Combat | 4 |  4.0
Transmutations | 3 |  3.0
Dodging        | |  2.3
Spellcasting   | |  2.8
Ice Magic      | |  0.4

Action                   |  1- 3 |  4- 6 || total
-------------------------+-------+-------++-------
Melee: Unarmed           |    77 |    99 ||   176
       Kick              |    23 |    16 ||    39
       Tentacles         |    15 |    11 ||    26
       Constrict         |    16 |    14 ||    30
       Punch             |     3 |       ||     3
 Cast: Beastly Appendage |    19 |    14 ||    33
       Spider Form       |       |     7 ||     7
  Use: Scroll            |     1 |     8 ||     9
       Potion            |       |     5 ||     5
 Stab: Sleeping          |     3 |     5 ||     8
Armor: Skin              |     2 |     3 ||     5
Dodge: Dodged            |    39 |    68 ||   107
